 Dungeon Crawl Stone Soup version 0.31.0-32-g396128a36d (webtiles) character file.

Game seed: 12375658619761357825

4757 hawla the Protected (level 10, 0/121 HPs)
             Began as a Minotaur Fighter on Mar 17, 2024.
             Was a Believer of Yredelemnul.
             Slain by a komodo dragon (5 damage)
             ... on level 8 of the Dungeon on Mar 20, 2024.
             The game lasted 00:21:55 (8039 turns).

hawla the Protected (Minotaur Fighter)              Turns: 8039, Time: 00:21:55

Health: 0/121      AC: 25    Str: 21    XL:     10   Next: 23%
Magic:  12/12      EV:  2    Int:  5    God:    Yredelemnul [**....]
Gold:   75         SH: 10    Dex: 14    Spells: 9/9 levels left

rFire   . . .        k - +1 dagger (venom)
rCold   . . .        c - +0 buckler
rNeg    . . .        v - melded +0 plate armour
rPois   +            (helmet currently unavailable)
rElec   .            f - melded +2 cloak {rPois}
rCorr   .            (gloves currently unavailable)
SInv    .            (boots currently unavailable)
Will    .....        p - amulet of reflection
Stlth   +            (no ring)
HPRegen 0.40/turn    (no ring)
MPRegen 0.13/turn

%: reflection
@: tree-form
A: stationary, stasis, torment immunity, boosted hp, (horns 2), (retaliatory
headbutt)
a: Renounce Religion, Recall Undead Harvest, Dark Bargain


You were on level 8 of the Dungeon.
You worshipped Yredelemnul.
Yredelemnul was noncommittal.
You were a tree.
You visited 2 branches of the dungeon, and saw 9 of its levels.
You also visited: Ossuary.

You collected 694 gold pieces.
You spent 619 gold pieces at shops.

Inventory:

Hand Weapons
 k - a +1 dagger of venom (weapon)
 q - a +0 scimitar
Missiles
 e - 21 poisoned darts (quivered)
Armour
 c - a +0 buckler (worn)
 f - a +2 cloak of poison resistance (melded)
 v - a +0 plate armour (melded)
Jewellery
 p - an amulet of reflection (around neck)
Wands
 a - a wand of digging (14)
 b - a wand of flame (14)
 l - a wand of iceblast (9)
 m - a wand of charming (8)
 n - a wand of polymorph (8)
Scrolls
 i - 2 scrolls of vulnerability
 o - a scroll of identify
 r - a scroll of torment
 t - a scroll of poison
 w - 2 scrolls of teleportation
Potions
 d - 2 potions of might
 g - a potion of resistance
 h - 3 potions of enlightenment
 j - 2 potions of haste
 s - a potion of berserk rage
 u - 2 potions of cancellation
 z - a potion of brilliance


   Skills:
 - Level 5.0 Fighting
 + Level 8.2(9.0) Short Blades
 - Level 6.0(8.4) Long Blades
 - Level 6.0 Throwing
 - Level 9.0 Armour
 - Level 4.0 Dodging
 - Level 5.0 Shields
 - Level 5.0 Invocations
 - Level 2.0 Evocations


You had 9 spell levels left.
You didn't know any spells.
Your spell library was empty.

Dungeon Overview and Level Annotations

Branches:
Dungeon (8/15)             Temple (1/1) D:6         Ossuary (visited)
   Lair: D:8-11

Altars:
Ashenzari
Cheibriados
Dithmenos
Elyvilon
Fedhas
Gozag
Hepliaklqana
Kikubaaqudgha
Makhleb
Nemelex Xobeh
Okawaru
Qazlal
Ru
Sif Muna
Trog
Uskayaw
Vehumet
Wu Jian
Xom
Yredelemnul
Zin
The Shining One

Shops:
D:1 !   D:2 =   D:3 [   D:7 !


Innate Abilities, Weirdness & Mutations

You are a tree.
Your roots penetrate the ground, keeping you stationary.
You cannot be teleported.
You are immune to unholy pain and torment.
Your maximum health is greatly increased.
Your equipment is partially melded.
((You have a pair of horns on your head.))
((You reflexively headbutt those who attack you in melee.))


Message History

Your +2 cloak of poison resistance melds into your body.
Your +0 plate armour melds into your body.
You no longer feel resistant to poison.
Your roots penetrate the ground.
You block the komodo dragon's attack. The swamp worm bites you!
* * * LOW HITPOINT WARNING * * *
You barely miss the swamp worm.
The swamp worm is almost dead.
You kill the swamp worm!
The komodo dragon bites you but does no damage.
You hit the komodo dragon but do no damage.
The komodo dragon is poisoned.
You block the komodo dragon's attack.
An orc comes into view.
It is wielding a +0 whip and carrying a wand of flame.
The orc shouts!
You hit the komodo dragon.
The komodo dragon looks as sick as possible!
The komodo dragon is lightly wounded.
You closely miss the komodo dragon.
The komodo dragon is lightly wounded.
The komodo dragon bites you!!
* * * LOW HITPOINT WARNING * * *
You hit the komodo dragon but do no damage.
The komodo dragon is lightly wounded.
You hit the komodo dragon but do no damage.
The komodo dragon looks as sick as possible!
The komodo dragon is lightly wounded.
The komodo dragon bites you but does no damage.
Unknown command.
You hit the komodo dragon but do no damage.
The komodo dragon looks as sick as possible!
The komodo dragon is lightly wounded.
You hit the komodo dragon but do no damage.
The komodo dragon looks as sick as possible!
The komodo dragon is moderately wounded.
You block the komodo dragon's attack.
You hit the komodo dragon but do no damage.
The komodo dragon looks as sick as possible!
The komodo dragon is moderately wounded.
The komodo dragon bites you.
You die...
Your body rises from the dead as a mindless zombie.

# #.#
#.#### #
#.#
#ZZ[Z#
#.#
####Z#
#.# #Z#
#Z##
#>#Z##
#.###Z##
.^# ##♣#
###
#l#.#
~~o ..#
~o~~~
.##
#~≈(P~≈
..
~o##(##
~. ~ $~
~~# #[~
≈~#


You could see a komodo dragon (extremely poisoned, ally target), 3 orcs, a
friendly water moccasin zombie, a friendly sky beast zombie, the friendly Psyche
the human zombie and a friendly howler monkey zombie.

Vanquished Creatures
  Psyche (D:8)
  Sigmund (D:5)
  2 steam dragons
  2 swamp worms (D:8)
  An acid dragon (D:6)
  A water moccasin (D:7)
  2 orc warriors (D:6)
  A sky beast (D:8)
  3 black bears
  3 ice beasts
  2 ogres
  2 phantoms
  A kobold brigand (D:6)
  A weeping skull (Ossuary)
  3 water moccasin zombies (Ossuary)
  3 bullfrogs
  11 killer bees
  5 howler monkeys
  A bombardier beetle (D:7)
  A spectral scorpion (Ossuary)
  4 hounds
  3 jellies
  A gnoll bouda (D:7)
  7 orc priests
  A sleepcap (D:5)
  3 iguanas
  Ijyb (D:4)
  5 orc wizards
  2 crocodile zombies (Ossuary)
  2 mummies (Ossuary)
  14 adders
  4 gnolls (D:7)
  A white imp (D:5)
  4 adder zombies (Ossuary)
  3 dart slugs
  2 ribbon worms
  20 orcs
  8 bats
  2 endoplasms
  4 giant cockroaches
  6 gnoll zombies (Ossuary)
  7 goblins
  17 hobgoblins
  9 jackals
  10 kobolds
  2 quokkas
  8 ball pythons
  4 frilled lizards
  2 jackal zombies (Ossuary)
  An orc zombie (Ossuary)
  7 rats
  A butterfly (D:7)
212 creatures vanquished.

Vanquished Creatures (collateral kills)
  A water moccasin (D:8)
  A gnoll sergeant (D:7)
  A sleepcap (D:7)
3 creatures vanquished.

Vanquished Creatures (others)
  A bullfrog zombie (D:7)
  A black bear zombie (D:7)
  2 killer bee zombies (D:8)
  A hound zombie (D:7)
  An orc zombie (D:7)
  A bombardier beetle zombie (D:7)
  2 gnoll zombies (D:7)
9 creatures vanquished.

Grand Total: 224 creatures vanquished

Notes
Turn   | Place    | Note
-------+----------+-------------------------------------------
     0 | D:1      | hawla the Minotaur Fighter began the quest for the Orb.
     0 | D:1      | Reached XP level 1. HP: 19/19 MP: 0/0
    22 | D:1      | Reached skill level 1 in Dodging
   135 | D:1      | Reached XP level 2. HP: 26/26 MP: 1/1
   380 | D:1      | Found a faded altar of an unknown god.
   483 | D:1      | Found Guisaf's Distillery.
   521 | D:1      | Bought a potion of curing for 42 gold pieces
   660 | D:1      | Reached XP level 3. HP: 31/31 MP: 2/2
   940 | D:1      | Reached skill level 4 in Armour
  1106 | D:2      | Found Odimm's Jewellery Boutique.
  1180 | D:2      | Found an ornate altar of the Wu Jian Council.
  1253 | D:2      | Reached XP level 4. HP: 39/39 MP: 3/3
  1267 | D:2      | Reached skill level 5 in Armour
  1302 | D:2      | Reached skill level 1 in Short Blades
  1614 | D:1      | Bought a potion of heal wounds for 70 gold pieces
  1614 | D:1      | Bought a potion of lignification for 42 gold pieces
  1663 | D:3      | Identified a scroll of acquirement
  1663 | D:3      | Acquired a +2 cloak of poison resistance
  1705 | D:3      | Found Opamp's Armour Boutique.
  1884 | D:3      | Reached XP level 5. HP: 45/45 MP: 4/4
  1910 | D:3      | Noticed a +0 hand axe
  1911 | D:3      | Found a hide-covered altar of Uskayaw.
  1911 | D:3      | Noticed a +0 dagger
  2211 | D:3      | Bought a +0 chain mail for 45 gold pieces
  2255 | D:4      | Noticed Ijyb
  2255 | D:4      | Noticed an ice beast
  2269 | D:4      | Killed Ijyb
  2279 | D:4      | Killed an ice beast
  2280 | D:4      | Reached XP level 6. HP: 31/51 MP: 5/5
  2668 | D:4      | Reached skill level 5 in Shields
  2714 | D:4      | Reached skill level 1 in Evocations
  2893 | D:4      | Reached skill level 1 in Throwing
  2893 | D:4      | Reached XP level 7. HP: 52/57 MP: 6/6
  2949 | D:5      | Entered Level 5 of the Dungeon
  3352 | D:5      | Reached skill level 5 in Throwing
  3416 | D:5      | Reached XP level 8. HP: 45/64 MP: 7/7
  3590 | D:5      | Found a sand-covered staircase.
  3596 | Ossuary  | Entered an ossuary
  3821 | Ossuary  | Reached skill level 5 in Long Blades
  4379 | D:5      | Noticed Sigmund
  4391 | D:5      | Killed Sigmund
  4392 | D:5      | Reached skill level 6 in Armour
  5109 | D:6      | Reached skill level 7 in Armour
  5324 | D:6      | Reached XP level 9. HP: 29/70 MP: 8/8
  5337 | D:6      | Reached skill level 8 in Armour
  5836 | D:6      | Identified the +4 war axe of Chance {chaos, Int+3 Stlth+}
  5879 | D:6      | Reached skill level 9 in Armour
  6034 | D:6      | Found a staircase to the Ecumenical Temple.
  6048 | Temple   | Entered the Ecumenical Temple
  6118 | Temple   | Became a worshipper of Yredelemnul the Dark
  6202 | D:6      | Reached skill level 5 in Fighting
  6325 | D:6      | Reached skill level 1 in Invocations
  6359 | D:6      | Reached * piety under Yredelemnul
  6931 | D:7      | Found a burning altar of Makhleb.
  6935 | D:7      | Noticed a blizzard demon
  7025 | D:7      | Reached ** piety under Yredelemnul
  7054 | D:7      | Found a shimmering altar of Xom.
  7097 | D:7      | Reached skill level 5 in Invocations
  7110 | D:7      | Reached skill level 5 in Short Blades
  7131 | D:7      | Reached *** piety under Yredelemnul
  7387 | D:7      | Found Busi's Distillery.
  7395 | D:7      | Bought a potion of berserk rage for 70 gold pieces
  7395 | D:7      | Bought a potion of lignification for 42 gold pieces
  7395 | D:7      | Bought a potion of enlightenment for 70 gold pieces
  7395 | D:7      | Bought a potion of brilliance for 56 gold pieces
  7395 | D:7      | Bought a potion of haste for 140 gold pieces
  7395 | D:7      | Bought a potion of curing for 42 gold pieces
  7535 | D:7      | Found a glowing silver altar of Zin.
  7535 | D:7      | Noticed an angel
  7651 | D:8      | Reached XP level 10. HP: 66/81 MP: 12/12
  7707 | D:8      | Found a blossoming altar of Fedhas.
  7763 | D:8      | Noticed Psyche
  7784 | D:8      | Killed Psyche
  8034 | D:8      | HP: 4/121 [komodo dragon (18)]
  8039 | D:8      | Slain by a komodo dragon

Illustrated notes

Levels and vault maps discovered:
D:1:      roderic_octagonal_star, layout_loops_corners,
          shapermc_ecumenical_altar_ellora, serial_shops, nicolae_shop_peninsula
D:2:      layout_rooms, serial_shops, shop, basic_altar, minivault_23,
          minmay_misc_feat_pillars, chequers_serial_rivers_small_b
D:3:      layout_basic, dancing_weapons_uskayaw, serial_shops, shop
D:4:      minmay_octagon_keep, layout_cave_pools, uniq_ijyb
D:5:      layout_cave_pods, nicolae_ossuary_entry_plus, uniq_sigmund
D:6:      layout_loops_ring, minmay_temple_entry_grid
D:7:      layout_gridville, xom_butterflies,
          grunt_temple_overflow_order_and_chaos_2, serial_shops, shop,
          minmay_joined_circles
D:8:      layout_loops_ring, overflow_temple_1_default,
          due_lair_maze_entry_diamond, worms_lemuel, uniq_prince_ribbit1,
          uniq_erica, uniq_psyche
Temple:   minmay_crystal_spiral_temple

Skill      XL: |  1  2  3  4  5  6  7  8  9 10 |
---------------+-------------------------------+-----
Dodging        | 1 3 4 |  4.0
Armour         | 4 5 7 9 |  9.0
Short Blades   | 2 4 6 8 |  8.2
Shields        | 5 |  5.0
Evocations     | 2 |  2.0
Throwing       | 1 5 6 |  6.0
Long Blades    | 6 |  6.0
Fighting       | 5 |  5.0
Invocations    | 5 |  5.0

Action                     |  1- 3 |  4- 6 |  7- 9 | 10-12 || total
---------------------------+-------+-------+-------+-------++-------
  Melee: Long sword        |    69 |       |    43 |       ||   112
         Headbutt          |    10 |    31 |   111 |    10 ||   162
         Dagger            |    43 |   193 |   484 |    59 ||   779
  Throw: Dart              |       |       |     1 |     6 ||     7
  Evoke: Wand              |       |       |     3 |       ||     3
    Use: Scroll            |       |     8 |    10 |       ||    18
         Potion            |       |     1 |     5 |     2 ||     8
   Stab: Distracted        |       |       |     1 |       ||     1
 Armour: Scale mail        |    74 |    60 |       |       ||   134
         Chain mail        |       |    57 |   127 |       ||   184
         Plate armour      |       |       |   177 |    26 ||   203
         Skin              |       |       |    31 |     5 ||    36
  Dodge: Dodged            |    78 |    76 |   131 |     7 ||   292
  Block: Buckler           |    25 |    34 |   132 |    14 ||   205
         Reflection        |       |       |     2 |     1 ||     3
